 Dungeon Crawl Stone Soup version 0.29-a0-1047-g7c58e119a4 (webtiles) character file.

Game seed: 8061737817211909428

1786 Zeldest the Grappler (level 8, 0/83 HPs)
             Began as a Troll Delver on Aug 17, 2022.
             Killed from afar by a gargoyle (7 damage)
             ... with a stone arrow
             ... while petrified by a basilisk
             ... on level 7 of the Dungeon.
             The game lasted 00:07:54 (1552 turns).

Zeldest the Grappler (Troll Delver)                 Turns: 1552, Time: 00:07:55

Health: 0/83       AC:  4    Str: 23    XL:     8   Next: 82%
Magic:  0/7        EV:  1    Int:  6    God:
Gold:   177        SH:  0    Dex: 11    Spells: 7/7 levels left

rFire   + . .      SeeInvis .     - Unarmed
rCold   + + .      Faith    .   n - +0 kite shield
rNeg    + + +      Spirit   +   j - +0 robe {rC+}
rPois   ∞          Reflect  .   (helmet restricted)
rElec   +          Harm     .   (no cloak)
rCorr   +          Rampage  .   (gloves unavailable)
Will    .....                   (boots unavailable)
Stlth   +.........              a - amulet of guardian spirit
HPRegen 1.03/turn               (no ring)
MPRegen 0.10/turn               (no ring)

@: silenced, resistant, petrified, attractive, hasted
A: large, unfitting armour, claws 3, regeneration 1, shaggy fur 1, tough skin 1
a: no special abilities


You were on level 7 of the Dungeon.
You visited 2 branches of the dungeon, and saw 6 of its levels.

You collected 177 gold pieces.

Inventory:

Armour
 j - a +0 robe of cold resistance (worn)
 n - a +0 kite shield (worn)
Jewellery
 a - an amulet of guardian spirit (around neck)
Wands
 f - a wand of digging (3)
Scrolls
 b - a scroll of fog
 c - 2 scrolls of magic mapping
 d - a scroll of identify
 g - a scroll of fear
 h - a scroll of amnesia {unknown}
 q - a scroll of enchant armour
Potions
 e - a potion of curing
 i - a potion of attraction
 m - a potion of brilliance {unknown}
 o - a potion of might {unknown}


   Skills:
 + Level 5.7 Fighting
 - Level 1.5 Dodging
 - Level 2.7 Stealth
 + Level 3.2 Shields
 * Level 9.0 Unarmed Combat


You had 7 spell levels left.
You didn't know any spells.
Your spell library was empty.

Dungeon Overview and Level Annotations

Branches:
Dungeon (7/15)             Temple (1/1) D:6

Altars:
Ashenzari
Fedhas
Gozag
Makhleb
Nemelex Xobeh
Okawaru
Ru
Wu Jian
Xom
Yredelemnul
Lugonu

Portals:
Abyss: Temple

Annotations:
D:4 4 runed translucent doors
D:5 3 runed translucent doors, Buttons840's ghost, novice MiBe


Innate Abilities, Weirdness & Mutations

You are too large for most types of armour.
You have claws for hands.
Your natural rate of healing is unusually fast.
You are covered in fur. (AC +1)
You have tough skin. (AC +1)


Message History

You scratch the gargoyle but do no damage.
The gargoyle is severely damaged.
The gargoyle barely misses you.
Okay, then.
You scratch the gargoyle but do no damage.
The gargoyle is severely damaged.
You block the gargoyle's attack. The basilisk is attracted toward you.
You scratch the gargoyle but do no damage.
The gargoyle is severely damaged.
You scratch the gargoyle but do no damage.
The gargoyle is severely damaged.
The gargoyle hits you with a +1 flail of holy wrath!!
The basilisk bites you!
* * * LOW HITPOINT WARNING * * *
You barely miss the gargoyle.
The gargoyle is severely damaged.
The basilisk gazes at you.
You are slowing down.
You block the gargoyle's attack.
As you read the scroll labelled GECKIE AMIKHA, it crumbles to dust.
It is a scroll of identify.
q - a scroll of enchant armour You block the gargoyle's attack.
The basilisk gazes at you. You resist with some effort.
As you read the scroll labelled MOOSHRU VOKODGHIRA, it crumbles to dust.
A profound silence engulfs you.
It was a scroll of silence.
The basilisk bites you!
* * * LOW HITPOINT WARNING * * *
The gargoyle hurls a stone arrow at you.
The stone arrow hits you!!
* * * LOW HITPOINT WARNING * * *
Your limbs are stiffening.
Magic scrolls do not work when you're silenced!
It was a potion of resistance.
You feel protected.
You have turned to stone.
The gargoyle hurls a stone arrow at you.
The stone arrow hits you!
You die...

##.....##
...#......#
#......## .###
...###..# ...
...#.#'## #l.#
..##...#.. ..C#
###...##..## #..#
#.#'#.#.....###.9.#
##...#####....@#..#
#......#.###..l9..#
##..#..##...###...##
#......#......#'#.#
###...##..#.....###
###.'...###..##
###..###...#
#.....#..##
###.†....#


You could see a basilisk (unsilenced) and a gargoyle (unsilenced).

Vanquished Creatures
  A vampire (D:7)
  A wyvern (D:7)
  2 water moccasins (D:7)
  An ice beast (D:7)
  2 black bears
  An ogre (D:5)
  A centaur (D:6)
  A phantom (D:6)
  A kobold brigand (D:7)
  2 bullfrogs (D:7)
  A gnoll sergeant (D:7)
  2 scorpions (D:5)
  2 howler monkeys
  2 jellies
  2 hounds
  An orc priest (D:6)
  2 orc wizards
  An iguana (D:7)
  4 gnolls (D:6)
  3 adders
  An ufetubus (D:5)
  A worm (D:4)
  A dart slug (D:5)
  9 orcs
  An endoplasm (D:3)
  A giant cockroach (D:4)
  2 goblins (D:4)
  A quokka (D:5)
  A ball python (D:4)
  A frilled lizard (D:3)
  4 kobolds
  A rat (D:3)
57 creatures vanquished.

Notes
Turn   | Place    | Note
-------+----------+-------------------------------------------
     0 | D:5      | Zeldest the Troll Delver began the quest for the Orb.
     0 | D:5      | Reached XP level 1. HP: 22/22 MP: 0/0
     4 | D:5      | Noticed an ice beast
    42 | D:5      | Noticed a quasit
    42 | D:5      | Noticed a quasit
    42 | D:5      | Noticed a quasit
    43 | D:5      | Noticed a quasit
    46 | D:5      | Noticed a hound
    60 | D:5      | Killed a hound
    61 | D:5      | Reached skill level 3 in Unarmed Combat
    61 | D:5      | Reached XP level 2. HP: 25/29 MP: 1/1
    61 | D:5      | Reached XP level 3. HP: 32/36 MP: 2/2
    69 | D:6      | Noticed a scorpion
    86 | D:5      | Noticed an ice beast
    89 | D:5      | Noticed Buttons840's ghost (novice MiBe)
   112 | D:5      | Found a runed translucent gate.
   112 | D:5      | Found a runed translucent gate.
   112 | D:5      | Found a runed translucent gate.
   168 | D:5      | Noticed a scorpion
   168 | D:5      | Noticed a black bear
   179 | D:5      | Noticed an ogre
   207 | D:4      | Found a large runed translucent door.
   207 | D:4      | Found a large runed translucent door.
   237 | D:4      | Found a large runed translucent door.
   237 | D:4      | Found a large runed translucent door.
   255 | D:4      | Noticed a killer bee
   417 | D:5      | Killed a scorpion
   418 | D:5      | Reached skill level 4 in Unarmed Combat
   418 | D:5      | Reached XP level 4. HP: 5/45 MP: 3/3
   420 | D:5      | HP: 2/45 [poisoned by a scorpion]
   425 | D:4      | HP: 2/45 [poisoned by a scorpion]
   619 | D:5      | Reached XP level 5. HP: 51/53 MP: 4/4
   679 | D:5      | Reached skill level 5 in Unarmed Combat
   702 | D:5      | Killed a black bear
   703 | D:5      | Reached XP level 6. HP: 60/62 MP: 5/5
   769 | D:6      | Found an opulent altar of Gozag.
   771 | D:6      | Found a sacrificial altar of Ru.
   784 | D:6      | Reached skill level 6 in Unarmed Combat
   792 | D:6      | Reached XP level 7. HP: 51/71 MP: 3/6
   801 | D:6      | Found a sparkling altar of Nemelex Xobeh.
   802 | D:6      | Found a basalt altar of Yredelemnul.
   863 | D:6      | Found an iron altar of Okawaru.
  1001 | D:6      | Found a staircase to the Ecumenical Temple.
  1011 | Temple   | Entered the Ecumenical Temple
  1011 | Temple   | Found a one-way gate to the infinite horrors of the Abyss.
  1205 | D:6      | Reached skill level 7 in Unarmed Combat
  1210 | D:6      | Identified the +6 falchion "Yhue" {vorpal, rCorr}
  1280 | D:7      | Found a shimmering altar of Xom.
  1281 | D:7      | Noticed a wyvern
  1310 | D:7      | Killed a wyvern
  1311 | D:7      | Reached skill level 1 in Shields
  1334 | D:7      | Reached XP level 8. HP: 15/79 MP: 2/7
  1402 | D:7      | Reached skill level 5 in Fighting
  1438 | D:7      | Found an ornate altar of the Wu Jian Council.
  1439 | D:7      | Found a burning altar of Makhleb.
  1439 | D:7      | Found a blossoming altar of Fedhas.
  1440 | D:7      | Found a broken altar of Ashenzari.
  1472 | D:7      | Reached skill level 8 in Unarmed Combat
  1534 | D:7      | Reached skill level 9 in Unarmed Combat
  1537 | D:7      | Noticed a cyclops
  1537 | D:7      | Noticed a gargoyle
  1552 | D:7      | Killed from afar by a gargoyle

Illustrated notes

Levels and vault maps discovered:
D:3:      layout_rooms
D:4:      layout_basic, good_gods_temple_1, minmay_hollow_rounded_squares
D:5:      cheibrodos_quashed, layout_loops_ring, palyth_temple_overflow_mages,
          gammafunk_ghost_icy, chequers_serial_rivers_micro_b
D:6:      layout_basic, kennysheep_okawaru_gauntlet,
          mainiacjoe_overflow_brackets, minitemple,
          minmay_temple_entry_antechambers, kennysheep_small_spiral
D:7:      minmay_slanted_spiral_squares, layout_basic,
          chequers_temple_overflow_statue_of_worship, trog_wizard,
          xom_teletrap_fun
Temple:   nicolae_temple_total_abyssal_victory

Skill      XL: |  1  2  3  4  5  6  7  8 |
---------------+-------------------------+-----
Unarmed Combat | 3 4 5 6 7 9 |  9.0
Fighting       | 3 4 5 |  5.7
Shields        | 1 3 |  3.2
Dodging        | |  1.5
Stealth        | |  2.7

Action                   |  1- 3 |  4- 6 |  7- 9 || total
-------------------------+-------+-------+-------++-------
Melee: Unarmed           |    43 |    37 |   131 ||   211
       Punch             |     3 |     3 |     1 ||     7
  Use: Potion            |     3 |     1 |     5 ||     9
       Scroll            |     3 |       |     2 ||     5
 Stab: Sleeping          |       |     1 |       ||     1
Armor: Robe              |    35 |    13 |    30 ||    78
Dodge: Dodged            |    27 |    20 |    55 ||   102
Block: Kite shield       |       |       |    35 ||    35

Table legend: (Time is in decaauts)
 A = Elapsed time spent in this place.
 B = Non-inter-level travel time spent in this place.
 C = Inter-level travel time spent in this place.
 D = Time resting spent in this place.
 E = Time spent auto-exploring this place.
 F = Levels seen in this place.
 G = Mean time per level.
                   A        B        C        D        E       F      G
               +--------+--------+--------+--------+--------+-----+--------+
         Total |   1505 |   1446 |     59 |     25 |    136 |   6 |  250.8 |
       Dungeon |   1374 |   1327 |     47 |     25 |     54 |   5 |  274.8 |
        Temple |    131 |    119 |     12 |      0 |     82 |   1 |  131.0 |
               +--------+--------+--------+--------+--------+-----+--------+

Top non-repeatable levels by time:
     D:5: 396 daAuts
     D:4: 340 daAuts
     D:6: 320 daAuts
     D:7: 301 daAuts
  Temple: 131 daAuts
     D:3: 14 daAuts
